TOP OF THE 1ST |
Irving Blue Sox batting - Pitching for Lannister United Lionhearts : LHP Tony Torres
|
Pitching: LHP Tony Torres
|
|
Batting: RHB Justin Smelter
|
0-0: Called Strike 0-1: Ball 1-1: Ball 2-1: Foul Ball, location: 2F 2-2: Ground out U3 (Groundball, 3L)
|
Batting: RHB Carlos Garza
|
0-0: Called Strike 0-1: Ball 1-1: Ball 2-1: Foul Ball, location: 2F 2-2: Ball 3-2: Strikes out looking
|
Batting: LHB Salvador Ramírez
|
0-0: Swinging Strike 0-1: Foul Ball, location: 2F 0-2: Ball 1-2: Strikes out swinging, 2-3 out at first.
|
Top of the 1st over - 0 runs, 0 hits, 0 errors, 0 left on base; Irving 0 - Lannister United 0 |
BOTTOM OF THE 1ST |
Lannister United Lionhearts batting - Pitching for Irving Blue Sox : RHP John Rigsby
|
Pitching: RHP John Rigsby
|
|
Batting: SHB Miklos Elias
|
0-0: Ground out 5-3 (Groundball, 56)
|
Batting: RHB Manny García
|
0-0: Called Strike 0-1: Called Strike 0-2: Ball 1-2: Strikes out swinging passed ball, reaches first!
|
Batting: SHB Gerrie Bond
|
0-0: Ball 1-0: Called Strike Manny García steals 2nd base 1-1: Swinging Strike 1-2: Foul Ball, location: 2F 1-2: Strikes out swinging
|
Batting: RHB Mitsuhide Bando
|
0-0: Called Strike 0-1: Ball 1-1: Ball 2-1: SINGLE (Line Drive, 6MD) Manny García to third Runner from 3rd tries for Home, SAFE, throw made home
|
Batting: LHB Michael Witt
|
0-0: Ball Mitsuhide Bando steals 2nd base 1-0: Called Strike 1-1: SINGLE (Groundball, 4D) Mitsuhide Bando to third Runner from 3rd tries for Home, SAFE, throw made home
|
Batting: RHB Breanainn Swartwood
|
0-0: Called Strike 0-1: Called Strike 0-2: Ball 1-2: Foul Ball, location: 2F 1-2: 2-RUN HOME RUN (Flyball, 9LD), Distance : 332 ft
|
Batting: RHB Chong-yee Au-Yong
|
0-0: Ball 1-0: Ball 2-0: Called Strike 2-1: Fly out, F8 (Flyball, 8RS)
|
Bottom of the 1st over - 4 runs, 3 hits, 0 errors, 0 left on base; Irving 0 - Lannister United 4 |
TOP OF THE 2ND |
Irving Blue Sox batting - Pitching for Lannister United Lionhearts : LHP Tony Torres
|
Batting: RHB Greg Bugarin
|
0-0: Ball 1-0: Ball 2-0: Ball 3-0: Called Strike 3-1: Swinging Strike 3-2: Ground out U3 (Groundball, 34)
|
Batting: LHB Juan Jimínez
|
0-0: Swinging Strike 0-1: Ball 1-1: Ground out 4-3 (Groundball, 4)
|
Batting: SHB Rafael Porfrio
|
0-0: Called Strike 0-1: Called Strike 0-2: Ball 1-2: Foul Ball, location: 2F 1-2: Ball 2-2: Ball 3-2: Strikes out looking
|
Top of the 2nd over - 0 runs, 0 hits, 0 errors, 0 left on base; Irving 0 - Lannister United 4 |
BOTTOM OF THE 2ND |
Lannister United Lionhearts batting - Pitching for Irving Blue Sox : RHP John Rigsby
|
Batting: RHB Gonzalo Vásquez
|
0-0: Swinging Strike 0-1: Foul Ball, location: 2F 0-2: Foul Ball, location: 2F 0-2: Foul Ball, location: 2F 0-2: Ball 1-2: Fly out, F7 (Line Drive, 7)
|
Batting: SHB Alfonso Baca
|
0-0: SINGLE (Groundball, 34D)
|
Batting: SHB Miklos Elias
|
0-0: Ball 1-0: Foul Ball, location: 2F 1-1: Fielders Choice at 2nd, 1-6 (Groundball, 13)
|
Batting: RHB Manny García
|
0-0: Fielders Choice at 2nd, 5-4 (Groundball, 56)
|
Bottom of the 2nd over - 0 runs, 1 hit, 0 errors, 1 left on base; Irving 0 - Lannister United 4 |
TOP OF THE 3RD |
Irving Blue Sox batting - Pitching for Lannister United Lionhearts : LHP Tony Torres
|
Batting: RHB Enrique Gómez
|
0-0: Swinging Strike 0-1: Ball 1-1: Swinging Strike 1-2: Foul Ball, location: 2F 1-2: Ball 2-2: Strikes out swinging, 2-3 out at first.
|
Batting: LHB Brenton Winston
|
0-0: Called Strike 0-1: Ball 1-1: Foul Ball, location: 2F 1-2: Strikes out swinging
|
Batting: LHB Gidde Collin
|
0-0: Ball 1-0: Called Strike 1-1: Ball 2-1: Ball 3-1: Ground out 4-3 (Groundball, 4)
|
Top of the 3rd over - 0 runs, 0 hits, 0 errors, 0 left on base; Irving 0 - Lannister United 4 |
BOTTOM OF THE 3RD |
Lannister United Lionhearts batting - Pitching for Irving Blue Sox : RHP John Rigsby
|
Batting: SHB Gerrie Bond
|
0-0: Ball 1-0: Ball 2-0: Ball 3-0: Base on Balls
|
Batting: RHB Mitsuhide Bando
|
0-0: Ball 1-0: Swinging Strike 1-1: Ball Gerrie Bond steals 2nd base 2-1: Called Strike 2-2: Ball 3-2: Strikes out looking
|
Batting: LHB Michael Witt
|
0-0: Ball 1-0: DOUBLE (Line Drive, 78D) Gerrie Bond scores
|
Batting: RHB Breanainn Swartwood
|
0-0: Ball 1-0: Fly out, F9 (Flyball, 89D) Runner from 2nd tags up, SAFE at 3rd, no throw
|
Batting: RHB Chong-yee Au-Yong
|
0-0: Foul Ball, location: 2F 0-1: Called Strike 0-2: Ball 1-2: Fly out, F7 (Flyball, 78D)
|
Bottom of the 3rd over - 1 run, 1 hit, 0 errors, 1 left on base; Irving 0 - Lannister United 5 |
TOP OF THE 4TH |
Irving Blue Sox batting - Pitching for Lannister United Lionhearts : LHP Tony Torres
|
Batting: RHB Justin Smelter
|
0-0: Swinging Strike 0-1: Ground out 5-3 (Groundball, 2L)
|
Batting: RHB Carlos Garza
|
0-0: Called Strike 0-1: Fly out, F7 (Line Drive, 78S)
|
Batting: LHB Salvador Ramírez
|
0-0: Ball 1-0: Foul Ball, location: 2F 1-1: Foul Ball, location: 2F 1-2: Foul Ball, location: 2F 1-2: Foul Ball, location: 2F 1-2: Ground out 4-3 (Groundball, 34)
|
Top of the 4th over - 0 runs, 0 hits, 0 errors, 0 left on base; Irving 0 - Lannister United 5 |
BOTTOM OF THE 4TH |
Lannister United Lionhearts batting - Pitching for Irving Blue Sox : RHP John Rigsby
|
Batting: RHB Gonzalo Vásquez
|
0-0: Ball 1-0: Ball 2-0: Called Strike 2-1: Foul Ball, location: 2F 2-2: Strikes out swinging
|
Batting: SHB Alfonso Baca
|
0-0: Ball 1-0: Ball 2-0: Ball 3-0: Called Strike 3-1: Base on Balls
|
Batting: SHB Miklos Elias
|
0-0: Ball 1-0: Ball 2-0: Foul Ball, location: 2F 2-1: Swinging Strike 2-2: Ball 3-2: Strikes out swinging
|
Batting: RHB Manny García
|
0-0: Foul Ball, location: 2F 0-1: Foul Ball, location: 2F 0-2: Foul Ball, location: 2F 0-2: Ball 1-2: Ball 2-2: Ball 3-2: Strikes out swinging
|
Bottom of the 4th over - 0 runs, 0 hits, 0 errors, 1 left on base; Irving 0 - Lannister United 5 |
TOP OF THE 5TH |
Irving Blue Sox batting - Pitching for Lannister United Lionhearts : LHP Tony Torres
|
Batting: RHB Greg Bugarin
|
0-0: Ball 1-0: Called Strike 1-1: Ball 2-1: Ground out U3 (Groundball, 3S)
|
Batting: LHB Juan Jimínez
|
0-0: Foul Ball, location: 2F 0-1: Foul Ball, location: 2F 0-2: Ball 1-2: Ball 2-2: Ground out 4-3 (Groundball, 4)
|
Batting: SHB Rafael Porfrio
|
0-0: Ground out 6-3 (Groundball, 6)
|
Top of the 5th over - 0 runs, 0 hits, 0 errors, 0 left on base; Irving 0 - Lannister United 5 |
BOTTOM OF THE 5TH |
Lannister United Lionhearts batting - Pitching for Irving Blue Sox : RHP John Rigsby
|
Batting: SHB Gerrie Bond
|
0-0: SINGLE (Groundball, 34D)
|
Batting: RHB Mitsuhide Bando
|
0-0: Ball 1-0: Fly out, F8 (Line Drive, 8LD)
|
Batting: LHB Michael Witt
|
0-0: Called Strike 0-1: DOUBLE (Line Drive, 89D) Gerrie Bond to third Runner from 3rd tries for Home, SAFE, no throw
|
Batting: RHB Breanainn Swartwood
|
0-0: Called Strike 0-1: Foul Ball, location: 2F 0-2: Ball 1-2: Ball 2-2: Foul Ball, location: 2F 2-2: Foul Ball, location: 2F 2-2: Foul Ball, location: 2F 2-2: 2-RUN HOME RUN (Flyball, 9D), Distance : 376 ft
|
Batting: RHB Chong-yee Au-Yong
|
0-0: Ball 1-0: Fly out, F9 (Flyball, 9)
|
Batting: RHB Gonzalo Vásquez
|
0-0: Swinging Strike 0-1: SINGLE (Line Drive, 56)
|
Batting: SHB Alfonso Baca
|
0-0: Ball Throwing error on steal attempt, E2 Gonzalo Vásquez to third 1-0: Called Strike 1-1: Ball 2-1: Ball 3-1: DOUBLE (Line Drive, 7LM) Gonzalo Vásquez scores
|
Batting: SHB Miklos Elias
|
0-0: Ground out 3-1 (Groundball, 34)
|
Bottom of the 5th over - 4 runs, 5 hits, 1 error, 1 left on base; Irving 0 - Lannister United 9 |
TOP OF THE 6TH |
Irving Blue Sox batting - Pitching for Lannister United Lionhearts : LHP Tony Torres
|
Batting: RHB Enrique Gómez
|
0-0: Ball 1-0: Ball 2-0: Ball 3-0: Called Strike 3-1: Base on Balls
|
Batting: LHB Brenton Winston
|
0-0: Called Strike 0-1: Ball 1-1: Ball 2-1: Ball 3-1: Base on Balls Enrique Gómez to second
|
Batting: LHB Gidde Collin
|
0-0: Called Strike 0-1: Foul Ball, location: 2F 0-2: Ball 1-2: Strikes out looking
|
Batting: RHB Justin Smelter
|
0-0: Called Strike 0-1: Swinging Strike 0-2: Foul Ball, location: 2F 0-2: Ball 1-2: Foul Ball, location: 2F 1-2: Ball 2-2: Reached on error, E5 (Groundball, 56) Enrique Gómez to third Brenton Winston to second
|
Batting: RHB Carlos Garza
|
0-0: Called Strike 0-1: Ball 1-1: Swinging Strike 1-2: Ball 2-2: Fly out, F6 (Line Drive, 6)
|
Batting: LHB Salvador Ramírez
|
0-0: Called Strike 0-1: Foul Ball, location: 2F 0-2: Strikes out swinging
|
Top of the 6th over - 0 runs, 0 hits, 1 error, 3 left on base; Irving 0 - Lannister United 9 |
BOTTOM OF THE 6TH |
Lannister United Lionhearts batting - Pitching for Irving Blue Sox : RHP John Rigsby
|
Batting: RHB Manny García
|
0-0: Ball 1-0: Called Strike 1-1: Ball 2-1: Ground out 5-3 (Groundball, 56S)
|
Batting: SHB Gerrie Bond
|
0-0: SINGLE (Line Drive, 7S)
|
Batting: RHB Mitsuhide Bando
|
0-0: Swinging Strike 0-1: Ball 1-1: Foul Ball, location: 2F 1-2: Ball 2-2: Foul Ball, location: 2F 2-2: SINGLE (Line Drive, 56) Gerrie Bond to second
|
Batting: LHB Michael Witt
|
0-0: Fly out, F8 (Flyball, 8RS)
|
Batting: RHB Breanainn Swartwood
|
0-0: Ground out 6-3 (Groundball, 56)
|
Bottom of the 6th over - 0 runs, 2 hits, 0 errors, 2 left on base; Irving 0 - Lannister United 9 |
TOP OF THE 7TH |
Irving Blue Sox batting - Pitching for Lannister United Lionhearts : LHP Tony Torres
|
Batting: RHB Greg Bugarin
|
0-0: Fly out, F5 (Line Drive, 5S)
|
Batting: LHB Juan Jimínez
|
0-0: Ground out U3 (Groundball, 3L)
|
Batting: SHB Rafael Porfrio
|
0-0: Called Strike 0-1: Ball 1-1: Foul Ball, location: 2F 1-2: Foul Ball, location: 2F 1-2: Strikes out looking
|
Top of the 7th over - 0 runs, 0 hits, 0 errors, 0 left on base; Irving 0 - Lannister United 9 |
BOTTOM OF THE 7TH |
Lannister United Lionhearts batting - Pitching for Irving Blue Sox : RHP John Rigsby
|
Batting: RHB Chong-yee Au-Yong
|
0-0: Called Strike 0-1: Ball 1-1: Foul Ball, location: 2F 1-2: Foul Ball, location: 2F 1-2: Fly out, F3 (Line Drive, 3L)
|
Batting: RHB Gonzalo Vásquez
|
0-0: Ball 1-0: Foul Ball, location: 2F 1-1: Ball 2-1: Ball 3-1: Base on Balls
|
Pitching: RHP Rich McLean
|
|
Batting: SHB Alfonso Baca
|
0-0: Called Strike 0-1: Called Strike 0-2: Ball 1-2: Ball 2-2: Ball 3-2: Foul Ball, location: 2F 3-2: Ground out 1-3 (Groundball, 13S) Gonzalo Vásquez to second
|
Batting: SHB Miklos Elias
|
0-0: Swinging Strike 0-1: Foul Ball, location: 2F 0-2: Strikes out swinging
|
Bottom of the 7th over - 0 runs, 0 hits, 0 errors, 1 left on base; Irving 0 - Lannister United 9 |
TOP OF THE 8TH |
Irving Blue Sox batting - Pitching for Lannister United Lionhearts : LHP Tony Torres
|
Batting: RHB Enrique Gómez
|
0-0: Called Strike 0-1: Ball 1-1: Foul Ball, location: 2F 1-2: SINGLE (Groundball, 6MD)
|
Pitching: LHP Roberto Muñóz
|
|
Batting: LHB Brenton Winston
|
0-0: DOUBLE (Line Drive, 78M) Enrique Gómez to third
|
Batting: LHB Gidde Collin
|
0-0: Ball 1-0: Called Strike 1-1: Ball 2-1: Fly out, F9 (Flyball, 9LS) Runner from 3rd tags up, SCORES, no throw
|
Batting: RHB Justin Smelter
|
0-0: Called Strike 0-1: Ball 1-1: SINGLE (Groundball, 34S) (infield hit) Brenton Winston to third
|
Batting: RHB Carlos Garza
|
0-0: SINGLE (Line Drive, 6MD) Brenton Winston scores Justin Smelter to second
|
Batting: LHB Salvador Ramírez
|
0-0: Foul Ball, location: 2F 0-1: Swinging Strike 0-2: Ball 1-2: Grounds into double play, 3-6-3 (Groundball, 34)
|
Top of the 8th over - 2 runs, 4 hits, 0 errors, 1 left on base; Irving 2 - Lannister United 9 |
BOTTOM OF THE 8TH |
Lannister United Lionhearts batting - Pitching for Irving Blue Sox : RHP Rich McLean
|
Batting: RHB Manny García
|
0-0: Ball 1-0: Ball 2-0: SINGLE (Line Drive, 7)
|
Batting: SHB Gerrie Bond
|
0-0: Ball 1-0: Ball 2-0: Ball 3-0: Called Strike 3-1: SINGLE (Groundball, 6MD) Manny García to second Runner from 2nd tries for 3rd, OUT!
|
Batting: RHB Mitsuhide Bando
|
0-0: Ball 1-0: Called Strike 1-1: Ground out 6-3 (Groundball, 56D) Gerrie Bond to second
|
Batting: LHB Michael Witt
|
0-0: Called Strike 0-1: Ball 1-1: Called Strike 1-2: Foul Ball, location: 2F 1-2: DOUBLE (Flyball, 89D) Gerrie Bond scores
|
Batting: RHB Breanainn Swartwood
|
0-0: Ball 1-0: Ball 2-0: Ball 3-0: Called Strike 3-1: Base on Balls
|
Batting: RHB Chong-yee Au-Yong
|
0-0: Swinging Strike 0-1: Ball 1-1: Foul Ball, location: 2F 1-2: Ground out 6-3 (Groundball, 6)
|
Bottom of the 8th over - 1 run, 3 hits, 0 errors, 2 left on base; Irving 2 - Lannister United 10 |
TOP OF THE 9TH |
Irving Blue Sox batting - Pitching for Lannister United Lionhearts : LHP Roberto Muñóz
|
Batting: RHB Greg Bugarin
|
0-0: Ball 1-0: Ground out 5-3 (Groundball, 56S)
|
Batting: LHB Juan Jimínez
|
0-0: Ground out 3-1 (Groundball, 34)
|
Batting: SHB Rafael Porfrio
|
0-0: Ball 1-0: Ball 2-0: Called Strike 2-1: Called Strike 2-2: Strikes out swinging
|
Top of the 9th over - 0 runs, 0 hits, 0 errors, 0 left on base; Irving 2 - Lannister United 10 |
|